 Dungeon Sprint DCSS version 0.25.0-11-g1f837a76a1 (webtiles) character file.

Game seed: 7837627215857566881

161692019 MordorOrchid the Englaciator (level 23, 240/240 HPs)
             Began as a White Draconian Ice Elementalist on June 27, 2020.
             Was the Champion of Sif Muna.
             Escaped with the Orb
             ... and 17 runes!
             The game lasted 02:51:34 (11254 turns).

MordorOrchid the Englaciator (DrIE)                Turns: 11254, Time: 02:51:34

Health: 240/240    AC: 25    Str: 17    XL:     23   Next: 26%
Magic:  32/54      EV: 35    Int: 23    God:    Sif Muna [******]
Gold:   10         SH: 32    Dex: 20    Spells: 4/76 levels left

rFire    . . .     SeeInvis +   x - staff of energy
rCold    + + .     Gourm    .   X - +6 tower shield {AC+3}
rNeg     + + +     Faith    .   (armour unavailable)
rPois    ∞         Spirit   .   (helmet restricted)
rElec    .         Reflect  .   M - +1 cloak
rCorr    .         Harm     .   O - +1 pair of gloves
MR       ++++.     NoTele   +   C - +0 pair of boots
Stlth    ++........             (no amulet)
HPRegen  0.50/turn              m - ring of Kugus {rN+ MR+ Str+4 Dex+8 Slay+3}
MPRegen  0.34/turn              q - ring "Jettutsu" {rPois rN+ MR+ SInv}

@: lich-form, hasted, very quick
A: (breathe frost), unfitting armour, cold resistance 1, deterioration 1,
cold-blooded, AC +11
0: Orb of Zot
}: 17/17 runes: decaying, serpentine, barnacled, slimy, elven, silver, golden,
iron, obsidian, icy, bone, abyssal, glowing, magical, fiery, dark, gossamer
a: End Transformation, Channel Magic, Forget Spell, Divine Exegesis, Renounce
Religion


You escaped.
You worshipped Sif Muna.
Sif Muna was exalted by your worship.
You were not hungry.
You were a lich.
You visited 1 branch You collected 1992 gold pieces.
You spent 1982 gold pieces at shops.

Inventory:

Hand Weapons
 a - a +9 sacred scourge of holy wrath
 n - a +2 demon trident of flaming
 y - a +9 rapier of electrocution
 K - the +4 staff of Dispater
   (You took it off Dispater in the Dungeon)
 P - the +7 sceptre of Asmodeus
   (You took it off Asmodeus in the Dungeon)
 Y - the +9 war axe "Fogga Ytt" {vamp, rF+ Int+3}
   (You found it in the Dungeon)

   It inflicts no extra harm, but heals its wielder when it wounds a living foe.
   It affects your intelligence (+3).
   It protects you from fire.
Missiles
 e - 9 boomerangs
 R - 18 silver javelins
 S - 21 javelins (quivered)
 T - a throwing net
Armour
 C - a +0 pair of boots (worn)
 M - a +1 cloak (worn)
 O - a +1 pair of gloves (worn)
 Q - the +0 pair of gloves of Spite {Harm rPois Dex+2}
   (You found it in the Dungeon)

   It affects your dexterity (+2).
   It protects you from poison.
   It increases damage dealt and taken.
 X - a +6 tower shield of protection (worn)
Magical Staves
 x - an uncursed staff of energy (weapon)
 W - an uncursed staff of fire
Jewellery
 m - the ring of Kugus (left hand) {rN+ MR+ Str+4 Dex+8 Slay+3}
   (You found it in the Dungeon)

   [ring of slaying]

   It affects your strength (+4).
   It affects your dexterity (+8).
   It affects your accuracy and damage with ranged weapons and melee attacks
   (+3).
   It protects you from negative energy.
   It affects your resistance to hostile enchantments.
 p - an uncursed amulet of reflection
 q - the ring "Jettutsu" (right hand) {rPois rN+ MR+ SInv}
   (You found it in the Dungeon)

   [ring of protection from magic]

   It protects you from poison.
   It protects you from negative energy.
   It affects your resistance to hostile enchantments.
   It lets you see invisible.
 A - an uncursed ring of fire
 B - the ring "Janapt" {Fire +Fly rN+}
   (You found it in the Dungeon)

   [ring of fire]

   It enhances your fire magic.
   It protects you from fire.
   It makes you vulnerable to cold.
   It protects you from negative energy.
   It lets you fly.
 D - a +6 ring of dexterity
 L - an uncursed ring of ice
 N - an uncursed ring of protection from fire
 V - an uncursed ring of protection from fire
 Z - the cursed ring of Syegam {rElec EV-4 Str+4 SInv}
   (You found it in the Dungeon)

   [ring of evasion]

   It affects your evasion (-4).
   It affects your strength (+4).
   It insulates you from electricity.
   It lets you see invisible.
   It has a curse placed upon it.
Wands
 k - a wand of acid (6)
 I - a wand of paralysis (8)
 J - a wand of clouds (5)
 U - a wand of flame (12)
Scrolls
 g - 11 scrolls of remove curse
 h - 3 scrolls of blinking
 z - 3 scrolls of fear
 E - 8 scrolls of identify
 F - 2 scrolls of immolation
 G - a scroll of summoning
Potions
 c - 5 potions of curing
 d - 13 potions of heal wounds
 f - 9 potions of magic
 i - a potion of brilliance
 l - 3 potions of berserk rage
 r - a potion of stabbing
 s - 3 potions of haste
 t - 2 potions of resistance
 u - 3 potions of might
 w - a potion of cancellation
 H - 5 potions of mutation
Miscellaneous
 o - the horn of Geryon
Comestibles
 b - 7 rations


   Skills:
 O Level 27 Fighting
 - Level 4.0 Short Blades
 * Level 13.7 Maces & Flails
 O Level 27 Dodging
 * Level 10.6 Stealth
 O Level 27 Shields
 O Level 27 Spellcasting
 O Level 27 Conjurations
   Level 3.0 Hexes
 - Level 2.9 Charms
   Level 6.0 Summonings
 * Level 16.2 Necromancy
 - Level 20.0 Translocations
 O Level 27 Transmutations
 O Level 27 Fire Magic
 O Level 27 Ice Magic
 - Level 4.0 Air Magic
 - Level 17.6 Earth Magic
 - Level 12.0 Invocations
 + Level 26.7 Evocations


You had 4 spell levels left.
You knew the following spells:

 Your Spells              Type           Power        Failure   Level  Hunger
a - Freeze                Ice            ####         0%          1    N/A
b - Frozen Ramparts       Ice            ######       0%          3    N/A
c - Conjure Flame         Conj/Fire      ########     0%          3    N/A
d - Petrify               Tmut/Erth      #######.     0%          4    N/A
g - Mephitic Cloud        Conj/Pois/Air  ######..     1%          3    N/A
v - Vampiric Draining     Necr           ########..   0%          3    N/A
x - Blink                 Tloc           N/A          0%          2    N/A
y - Ozocubu's Armour      Chrm/Ice       #######.     0%          3    N/A
E - Borgnjor's Vile Clut  Necr/Erth      ########..   1%          5    N/A
F - Fire Storm            Conj/Fire      ########..   1%          9    N/A
L - Absolute Zero         Ice            ########..   1%          9    N/A
N - Necromutation         Tmut/Necr      ########..   1%          8    N/A
R - Irradiate             Conj/Tmut      ########..   0%          5    N/A
X - Disjunction           Tloc           #######...   1%          8    N/A
Y - Statue Form           Tmut/Erth      #######..    0%          6    N/A

Your spell library contained the following spells:

 Spells                   Type           Power        Failure   Level  Hunger
 Animate Skeleton         Necr           N/A          0%          1    N/A
 Apportation              Tloc           ######       0%          1    N/A
 Beastly Appendage        Tmut           ######       0%          1    N/A
 Foxfire                  Conj/Fire      ####         0%          1    N/A
 Magic Dart               Conj           ####         0%          1    N/A
 Pain                     Necr           ####         0%          1    N/A
 Sandblast                Erth           ######       0%          1    N/A
 Shock                    Conj/Air       ####         0%          1    N/A
 Sting                    Tmut/Pois      ####         0%          1    N/A
 Ensorcelled Hibernation  Hex/Ice        ######       0%          2    N/A
 Passwall                 Tmut/Erth      #######.     0%          2    N/A
 Searing Ray              Conj           ######       0%          2    N/A
 Shroud of Golubria       Chrm/Tloc      ######       0%          2    N/A
 Sticks to Snakes         Tmut           ########     0%          2    N/A
 Sublimation of Blood     Necr           ########..   0%          2    N/A
 Dazzling Flash           Conj/Hex       ######       0%          3    N/A
 Gell's Gravitas          Tloc           #######...   0%          3    N/A
 Ignite Poison            Fire/Tmut/Pois #######.     0%          3    N/A
 Inner Flame              Hex/Fire       #######.     0%          3    N/A
 Lesser Beckoning         Tloc           #######...   0%          3    N/A
 Recall                   Summ/Tloc      N/A          0%          3    N/A
 Spider Form              Tmut/Pois      #######...   0%          3    N/A
 Static Discharge         Conj/Air       #######.     0%          3    N/A
 Stone Arrow              Conj/Erth      ######       0%          3    N/A
 Teleport Other           Tloc           #######.     0%          3    N/A
 Animate Dead             Necr           N/A          0%          4    N/A
 Dispel Undead            Necr           ########     0%          4    N/A
 Hailstorm                Conj/Ice       ########     0%          4    N/A
 Ice Form                 Ice/Tmut       ########     0%          4    N/A
 Iskenderun's Mystic Bla  Conj/Tloc      #######.     0%          4    N/A
 Sticky Flame             Conj/Fire      ########     0%          4    N/A
 Summon Ice Beast         Ice/Summ       #######.     0%          4    N/A
 Corona                   Hex            #####..      1%          1    N/A
 Infusion                 Chrm           ####         1%          1    N/A
 Summon Butterflies       Summ           ######..     1%          1    N/A
 Summon Small Mammal      Summ           ####         1%          1    N/A
 Call Imp                 Summ           ######..     1%          2    N/A
 Corpse Rot               Necr/Air       N/A          1%          2    N/A
 Poisonous Vapours        Pois/Air       #####.       1%          2    N/A
 Slow                     Hex            #####...     1%          2    N/A
 Song of Slaying          Chrm           #####...     1%          2    N/A
 Swiftness                Chrm/Air       #####...     1%          2    N/A
 Call Canine Familiar     Summ           ######..     1%          3    N/A
 Confusing Touch          Hex            #####...     1%          3    N/A
 Portal Projectile        Hex/Tloc       ######       1%          3    N/A
 Spectral Weapon          Hex/Chrm       #####...     1%          3    N/A
 Summon Guardian Golem    Hex/Summ       ######..     1%          3    N/A
 Tukima's Dance           Hex            #####...     1%          3    N/A
 Airstrike                Air            #####.....   1%          4    N/A
 Fulminant Prism          Conj/Hex       #######...   1%          4    N/A
 Leda's Liquefaction      Hex/Erth       ######....   1%          4    N/A
 Summon Lightning Spire   Summ/Air       ######..     1%          4    N/A
 Cause Fear               Hex            #####.....   2%          4    N/A
 Olgreb's Toxic Radiance  Pois           ####....     10%         4    N/A
 Blade Hands              Tmut           ########..   0%          5    N/A
 Bolt of Magma            Conj/Fire/Erth #######...   0%          5    N/A
 Fireball                 Conj/Fire      ########..   0%          5    N/A
 Hydra Form               Tmut           ########..   0%          6    N/A
 Iron Shot                Conj/Erth      #######...   0%          6    N/A
 Ozocubu's Refrigeration  Ice            ########..   0%          6    N/A
 Starburst                Conj/Fire      ########..   0%          6    N/A
 Dragon Form              Tmut           ########..   0%          7    N/A
 Orb of Destruction       Conj           ########..   0%          7    N/A
 Agony                    Necr           ########     1%          5    N/A
 Alistair's Intoxication  Tmut/Pois      #######.     1%          5    N/A
 Excruciating Wounds      Chrm/Necr      #######...   1%          5    N/A
 Iskenderun's Battlesphe  Conj/Chrm      #######.     1%          5    N/A
 Lee's Rapid Deconstruct  Erth           #######...   1%          5    N/A
 Lightning Bolt           Conj/Air       #######...   1%          5    N/A
 Metabolic Englaciation   Hex/Ice        #######...   1%          5    N/A
 Summon Forest            Summ/Tloc      ######....   1%          5    N/A
 Yara's Violent Unravell  Hex/Tmut       #######...   1%          5    N/A
 Conjure Ball Lightning   Conj/Air       #######...   1%          6    N/A
 Death Channel            Necr           ########..   1%          6    N/A
 Dispersal                Tloc           #######...   1%          6    N/A
 Eringya's Noxious Bog    Tmut/Pois      #######...   1%          6    N/A
 Freezing Cloud           Conj/Ice/Air   #######...   1%          6    N/A
 Simulacrum               Ice/Necr       ########..   1%          6    N/A
 Ring of Flames           Chrm/Fire      #######...   1%          7    N/A
 Spellforged Servitor     Conj/Summ      #######...   1%          7    N/A
 Controlled Blink         Tloc           N/A          1%          8    N/A
 Ignition                 Fire           ########..   1%          8    N/A
 Lehudib's Crystal Spear  Conj/Erth      #######...   1%          8    N/A
 Aura of Abjuration       Summ           ######....   2%          5    N/A
 Summon Demon             Summ           ######....   2%          5    N/A
 Summon Mana Viper        Hex/Summ       ######..     4%          5    N/A
 Malign Gateway           Summ/Tloc      ######....   4%          7    N/A
 Silence                  Hex/Air        #####.....   6%          5    N/A
 Haunt                    Necr/Summ      #######...   9%          7    N/A
 Borgnjor's Revivificati  Necr           ########..   9%          8    N/A
 Infestation              Necr           ########..   9%          8    N/A
 Chain Lightning          Conj/Air       #######...   11%         8    N/A
 Shadow Creatures         Summ           N/A          13%         6    N/A
 Darkness                 Hex            #####.....   41%         6    N/A
 Invisibility             Hex            #####...     41%         6    N/A
 Monstrous Menagerie      Summ           ######....   56%         7    N/A
 Summon Greater Demon     Summ           ######....   56%         7    N/A
 Summon Hydra             Summ           ######....   56%         7    N/A
 Shatter                  Erth           #######...   56%         9    N/A
 Death's Door             Chrm/Necr      #######...   77%         8    N/A
 Summon Horrible Things   Summ           ######....   99%         8    N/A
 Discord                  Hex            #####.....   100%        8    N/A
 Dragon's Call            Summ           ######....   100%        9    N/A
 Tornado                  Air            #####.....   100%        9    N/A
 Passage of Golubria      Tloc           Unusable     N/A         4    N/A

Dungeon Overview and Level Annotations

Branches:
Dungeon (1/1)

Altars:
Cheibriados
Dithmenos
Elyvilon
Fedhas
Gozag
Hepliaklqana
Kikubaaqudgha
Makhleb
Nemelex Xobeh
Okawaru
Qazlal
Ru
Sif Muna
Trog
Uskayaw
Vehumet
Wu Jian
Xom
Yredelemnul
Zin
The Shining One
Beogh
Jiyva
Lugonu

Shops:
D ?}*!


Innate Abilities, Weirdness & Mutations

((You can breathe waves of freezing cold.))
((You can buffet flying creatures when you breathe cold.))
Your icy white scales are hard. (AC +11)
You cannot fit into any form of body armour.
Your flesh is cold resistant. (rC+)
You are cold-blooded and may be slowed by cold attacks.
Your body sometimes deteriorates upon taking damage.


Message History

There is a white marble altar of Elyvilon here.
Casting: Absolute Zero (mildly dangerous; 1% risk of failure)
Confirm with . or Enter, or press ? or * to list all spells.
You blink.
You close the door.
Casting: Blink (safe; 0% risk of failure)
Confirm with . or Enter, or press ? or * to list all spells.
You blink.
You close the door.
You feel less invigorated.
Casting: Blink (safe; 0% risk of failure)
Confirm with . or Enter, or press ? or * to list all spells.
You blink.
There is an open door to the Dungeon here.
You see here a stone.
You close the door, pushing everything out of the way.
You see here a stone.
Casting: Blink (safe; 0% risk of failure)
Confirm with . or Enter, or press ? or * to list all spells.
You blink.
You have escaped!

▓..........[.)+[[.
▓[▓▓▓▓▓▓▓▓▓▓▓▓▓▓▓▓
▓.................
▓▓▓▓▓▓▓▓▓▓▓▓▓▓▓▓▓▓
▓.......+.......[.
▓.▓▓▓▓▓▓▓▓▓▓▓▓▓▓▓▓
▓.................
▓▓▓▓▓▓▓▓▓▓▓▓▓▓▓▓▓▓
▓L..(+....§+....§+
▓▓▓▓▓▓▓▓▓▓▓▓▓▓▓▓▓▓


There were no monsters in sight!

Vanquished Creatures
  Cerebov (D)
  Antaeus (D)
  Asmodeus (D)
  the Royal Jelly (D)
  Gloorx Vloq (D)
  Ereshkigal (D)
  Lom Lobon (D)
  Mnoleg (D)
  2 seraphim (D)
  7 ancient liches (D)
  4 orbs of fire (D)
  Dispater (D)
  Mennas (D)
  Sojobo (D)
  5 greater mummies (D)
  2 Killer Klowns (D)
  Xtahua (D)
  A curse toe (D)
  Geryon (D)
  2 golden dragons (D)
  A bone dragon (D)
  Jory (D)
  A Tzitzimitl (D)
  2 Brimstone Fiends (D)
  5 pandemonium lords (D)
  A Hell Sentinel (D)
  35 Orb Guardians (D)
  2 electric golems (D)
  3 Ice Fiends (D)
  6 tentacled monstrosities (D)
  2 deep elf blademasters (D)
  3 liches (D)
  A quicksilver dragon (D)
  A titan (D)
  An Executioner (D)
  13 sphinxes (D)
  3 deep elf master archers (D)
  3 death cobs (D)
  13 acid blobs (D)
  A thorn hunter (D)
  5 shadow dragons (D)
  3 tengu reavers (D)
  3 storm dragons (D)
  Ilsuiw (D)
  Donald (D)
  A draconian monk (D)
  4 nagarajas (D)
  2 daevas (D)
  8 azure jellies (D)
  A frost giant (D)
  2 warmongers (D)
  2 deep elf sorcerers (D)
  A draconian knight (D)
  3 ghost moths (D)
  2 draconian stormcallers (D)
  A vault warden (D)
  2 draconian scorchers (D)
  3 emperor scorpions (D)
  An ironheart preserver (D)
  An angel (D)
  A draconian shifter (D)
  4 draconian annihilators (D)
  3 very ugly things (D)
  A war gargoyle (D)
  7 stone giants (D)
  2 corrupters (D)
  A reaper (D)
  7 vampire knights (D)
  2 entropy weavers (D)
  2 green draconians (D)
  2 deep elf demonologists (D)
  4 black draconians (D)
  A red draconian (D)
  A purple draconian (D)
  2 lorocyprocas (D)
  2 white draconians (D)
  8 death oozes (D)
  6 yellow draconians (D)
  3 merfolk javelineers (D)
  4 green deaths (D)
  Snorg (D)
  3 ettins (D)
  6 mummy priests (D)
  Josephine (D)
  5 merfolk impalers (D)
  3 deep elf death magi (D)
  4 yaktaur captains (D)
  2 deep elf high priests (D)
  3 ice dragons (D)
  2 hell beasts (D)
  25 vault guards (D)
  4 rakshasas (D)
  5 hydras (D)
  A death knight (D)
  An anaconda (D)
  4 death yaks (D)
  An alligator (D)
  A catoblepas (D)
  A merfolk aquamancer (D)
  A spriggan air mage (D)
  3 centaur warriors (D)
  A two-headed ogre (D)
  2 ogre magi (D)
  2 deep troll earth magi (D)
  A spriggan berserker (D)
  A naga sharpshooter (D)
  2 soul eaters (D)
  2 deep elf knights (D)
  3 sun demons (D)
  A salamander mystic (D)
  A sixfirhy (D)
  3 wretched stars (D)
  2 shadow wraiths (D)
  7 swamp dragons (D)
  2 sea snakes (D)
  3 torturous demonspawn (D)
  2 glowing orange brains (D)
  A cherub (D)
  A gelid demonspawn (D)
  A shadow demon (D)
  An ironbrand convoker (D)
  An infernal demonspawn (D)
  A wizard (D)
  A naga ritualist (D)
  3 orc knights (D)
  A mana viper (D)
  A harpy (D)
  An orb spider (D)
  An ugly thing (D)
  4 wolf spiders (D)
  6 orc sorcerers (D)
  A worldbinder (D)
  2 manticores (D)
  Joseph (D)
  3 vault sentinels (D)
  Maurice (D)
  17 moths of wrath (D)
  A black mamba (D)
  3 naga magi (D)
  A merfolk siren (D)
  2 orange demons (D)
  2 guardian serpents (D)
  An eye of devastation (D)
  2 spiny frogs (D)
  A rime drake (D)
  A komodo dragon (D)
  A kobold demonologist (D)
  A hellion (D)
  4 yaktaurs (D)
  2 tormentors (D)
  2 ice devils (D)
  17 guardian mummies (D)
  A hellwing (D)
  A freezing wraith (D)
  A wandering mushroom (D)
  2 demonic crawlers (D)
  A troll (D)
  3 red devils (D)
  4 merfolk (D)
  A troll (shapeshifter) (D)
  A meliai (shapeshifter) (D)
  3 large abominations (D)
  A hornet (D)
  A bog body (D)
  A slime creature (D)
  2 blink frogs (D)
  2 redbacks (D)
  A tarantella (D)
  11 spriggans (D)
  5 yaks (D)
  4 wraiths (D)
  A wyvern (D)
  3 small abominations (D)
  A yak (shapeshifter) (D)
  6 golden eyes (D)
  2 neqoxecs (D)
  3 insubstantial wisps (D)
  5 nagas (D)
  An acid dragon (D)
  A water moccasin (D)
  4 porcupines (D)
  A hell hound (D)
  A floating eye (D)
  2 swamp drakes (D)
  12 orc warriors (D)
  2 eyes of draining (D)
  A boggart (D)
  2 crocodiles (D)
  2 scorpions (D)
  A wight (D)
  2 crimson imps (D)
  3 orc priests (D)
  8 orc wizards (D)
  An adder (D)
  A shadow imp (D)
  An adder zombie (D)
  A leopard gecko (D)
  6 orcs (D)
  2 bat skeletons (D)
  3 giant cockroaches (D)
  A goblin (D)
  A ball python (D)
  A jackal skeleton (D)
  A kobold (D)
  58 blocks of ice (D)
633 creatures vanquished.

Vanquished Creatures (collateral kills)
  A very ugly thing (D)
  A great orb of eyes (D)
  A yaktaur captain (D)
  2 naga warriors (D)
  2 orc knights (D)
  An orb spider (D)
  A wolf spider (D)
  A water nymph (D)
  A demonic crawler (D)
  A hippogriff (D)
  A hippogriff (shapeshifter) (D)
  A snapping turtle (D)
  2 vampire mosquitoes (D)
  A water moccasin (D)
  A porcupine (D)
  2 orc warriors (D)
  A crocodile (D)
  2 orc wizards (D)
  2 orcs (D)
  2 blocks of ice (D)
27 creatures vanquished.

Vanquished Creatures (others)
  53 blocks of ice (D)
  A briar patch (D)
  26 fire vortices (D)
80 creatures vanquished.

Grand Total: 740 creatures vanquished

Notes
Turn   | Place    | Note
-------+----------+-------------------------------------------
     0 | D        | MordorOrchid the Draconian Ice Elementalist began the quest
                  | for the Orb.
     0 | D        | Reached XP level 1. HP: 14/14 MP: 3/3
    11 | D        | Reached skill level 1 in Fighting
    78 | D        | Reached skill level 5 in Ice Magic
    78 | D        | Reached XP level 2. HP: 23/23 MP: 1/5
    96 | D        | Found a roughly hewn altar of Beogh.
    96 | D        | Found a snail-covered altar of Cheibriados.
    96 | D        | Found a shadowy altar of Dithmenos.
    96 | D        | Found a white marble altar of Elyvilon.
    96 | D        | Found a blossoming altar of Fedhas.
    96 | D        | Found an opulent altar of Gozag.
    97 | D        | Found a hazy altar of Hepliaklqana.
    98 | D        | Found a viscous altar of Jiyva.
    99 | D        | Found an ancient bone altar of Kikubaaqudgha.
   100 | D        | Found a corrupted altar of Lugonu.
   101 | D        | Found a burning altar of Makhleb.
   102 | D        | Found a sparkling altar of Nemelex Xobeh.
   103 | D        | Found an iron altar of Okawaru.
   104 | D        | Found a stormy altar of Qazlal.
   105 | D        | Found a sacrificial altar of Ru.
   106 | D        | Found a shimmering blue altar of Sif Muna.
   107 | D        | Found a bloodstained altar of Trog.
   108 | D        | Found a hide-covered altar of Uskayaw.
   109 | D        | Found a radiant altar of Vehumet.
   110 | D        | Found an ornate altar of the Wu Jian Council.
   111 | D        | Found a shimmering altar of Xom.
   112 | D        | Found a basalt altar of Yredelemnul.
   113 | D        | Found a glowing silver altar of Zin.
   114 | D        | Became a worshipper of Sif Muna the Loreminder
   115 | D        | Found a glowing golden altar of the Shining One.
   133 | D        | Got the +2 halberd of Otiypihe {vamp, *Noise rElec rPois
                  | Str-3}
   152 | D        | Noticed a wight
   152 | D        | Noticed a scorpion
   152 | D        | Noticed an orc warrior
   152 | D        | Noticed a scorpion
   154 | D        | Killed a wight
   154 | D        | Reached skill level 1 in Evocations
   154 | D        | Reached XP level 3. HP: 29/29 MP: 8/8
   161 | D        | Learned a level 3 spell: Frozen Ramparts
   170 | D        | Killed a scorpion
   170 | D        | Reached XP level 4. HP: 35/36 MP: 5/10
   171 | D        | Killed an orc warrior
   171 | D        | Reached * piety under Sif Muna
   171 | D        | Reached skill level 5 in Spellcasting
   171 | D        | Reached XP level 5. HP: 40/41 MP: 5/13
   190 | D        | Reached XP level 6. HP: 48/48 MP: 2/15
   192 | D        | Reached ** piety under Sif Muna
   216 | D        | Learned a level 3 spell: Ozocubu's Armour
   221 | D        | Learned a level 4 spell: Summon Ice Beast
   226 | D        | Learned a level 4 spell: Hailstorm
   238 | D        | Noticed a troll
   238 | D        | Noticed a two-headed ogre
   238 | D        | Noticed a wyvern
   245 | D        | Killed a troll
   245 | D        | Reached skill level 5 in Dodging
   245 | D        | Reached skill level 10 in Ice Magic
   245 | D        | Reached skill level 5 in Evocations
   245 | D        | Your scales start taking on an icy white colour.
   245 | D        | Reached XP level 7. HP: 34/55 MP: 10/17
   245 | D        | Gained mutation: Your flesh is cold resistant. (rC+) [White
                  | Draconian growth]
   252 | D        | Reached *** piety under Sif Muna
   255 | D        | Killed a two-headed ogre
   255 | D        | Reached XP level 8. HP: 40/61 MP: 1/20
   488 | D        | Noticed Josephine
   505 | D        | Killed Josephine
   505 | D        | Reached **** piety under Sif Muna
   505 | D        | Reached skill level 10 in Spellcasting
   505 | D        | Reached skill level 5 in Conjurations
   505 | D        | Reached skill level 5 in Summonings
   505 | D        | Reached XP level 9. HP: 49/70 MP: 10/23
   661 | D        | Noticed a spiny frog
   663 | D        | Reached ***** piety under Sif Muna
   663 | D        | Identified Sif Muna's Incunabulum of Excruciating Darkness
                  | (Sif Muna gifted it to you in the Dungeon)
   663 | D        | Received a gift from Sif Muna
   668 | D        | Killed a spiny frog
   725 | D        | Learned a level 3 spell: Vampiric Draining
   734 | D        | Noticed a komodo dragon
   734 | D        | Noticed a rime drake
   736 | D        | Reached skill level 5 in Fighting
   738 | D        | Killed a komodo dragon
   738 | D        | Identified Tuus's Almanac of the Spatial Oath (Sif Muna
                  | gifted it to you in the Dungeon)
   738 | D        | Received a gift from Sif Muna
   738 | D        | Reached skill level 1 in Charms
   738 | D        | Reached skill level 1 in Necromancy
   738 | D        | Reached XP level 10. HP: 81/81 MP: 9/25
   780 | D        | Noticed a spiny frog
   784 | D        | Reached skill level 5 in Invocations
   785 | D        | Killed a spiny frog
   812 | D        | Noticed a death yak
   812 | D        | Noticed a death yak
   812 | D        | Noticed a catoblepas
   812 | D        | Noticed a death yak
   815 | D        | Killed a death yak
   815 | D        | Received a gift from Sif Muna
   816 | D        | Killed a death yak
   817 | D        | Killed a catoblepas
   819 | D        | Noticed a death yak
   837 | D        | Killed a death yak
   837 | D        | Reached skill level 15 in Ice Magic
   848 | D        | Killed a death yak
   848 | D        | Reached XP level 11. HP: 73/92 MP: 8/28
   944 | D        | Learned a level 3 spell: Dazzling Flash
  1035 | D        | Identified Sif Muna's Reference Book on Heat (Sif Muna
                  | gifted it to you in the Dungeon)
  1035 | D        | Received a gift from Sif Muna
  1057 | D        | Reached ****** piety under Sif Muna
  1129 | D        | Identified Sif Muna's Guide on Hurtful Moulding (Sif Muna
                  | gifted it to you in the Dungeon)
  1129 | D        | Received a gift from Sif Muna
  1148 | D        | Learned a level 4 spell: Ice Form
  1163 | D        | Noticed an orc knight
  1167 | D        | Killed an orc knight
  1170 | D        | Reached skill level 1 in Hexes
  1170 | D        | Reached skill level 1 in Transmutations
  1184 | D        | Reached skill level 5 in Necromancy
  1197 | D        | Identified Sif Muna's Handbook of Lethal Arcane Weapons
                  | (Sif Muna gifted it to you in the Dungeon)
  1197 | D        | Received a gift from Sif Muna
  1218 | D        | Learned a level 3 spell: Mephitic Cloud
  1224 | D        | Learned a level 3 spell: Conjure Flame
  1340 | D        | Learned a level 3 spell: Confusing Touch
  1347 | D        | Found Hucaduodgh's Magic Scroll Emporium.
  1347 | D        | Noticed an orc sorcerer
  1347 | D        | Noticed an orc sorcerer
  1347 | D        | Noticed an orc sorcerer
  1350 | D        | Killed an orc sorcerer
  1350 | D        | Reached skill level 1 in Air Magic
  1351 | D        | Killed an orc sorcerer
  1351 | D        | Identified Qomas's Guide on Transmutation (Sif Muna gifted
                  | it to you in the Dungeon)
  1351 | D        | Received a gift from Sif Muna
  1351 | D        | Reached skill level 1 in Fire Magic
  1355 | D        | Killed an orc sorcerer
  1373 | D        | Noticed an orc sorcerer
  1383 | D        | Noticed a soul eater
  1390 | D        | Killed an orc sorcerer
  1407 | D        | Found Waheh's Gadget Shoppe.
  1418 | D        | Found Egyc Vyzos's Assorted Antiques.
  1422 | D        | Found Sosucozi's Distillery.
  1429 | D        | Noticed an orc sorcerer
  1468 | D        | Noticed an orc sorcerer
  1471 | D        | Killed an orc sorcerer
  1471 | D        | Identified Sif Muna's Catalogue of Icy Air (Sif Muna gifted
                  | it to you in the Dungeon)
  1471 | D        | Received a gift from Sif Muna
  1477 | D        | Killed an orc sorcerer
  1535 | D        | Bought a scroll of random uselessness for 11 gold pieces
  1535 | D        | Bought a scroll of immolation for 38 gold pieces
  1535 | D        | Bought a scroll of summoning for 104 gold pieces
  1546 | D        | Bought a scroll labeled DUHUNI VEINUFO for 17 gold pieces
  1546 | D        | Bought a scroll labeled DUHUNI VEINUFO for 17 gold pieces
  1546 | D        | Bought a glowing green potion for 15 gold pieces
  1546 | D        | Bought an iron wand for 68 gold pieces
  1554 | D        | Bought a potion of heal wounds for 60 gold pieces
  1554 | D        | Bought a potion of heal wounds for 60 gold pieces
  1560 | D        | Learned a level 4 spell: Petrify
  1562 | D        | Bought a glowing scarf for 136 gold pieces
  1585 | D        | Bought a wand of clouds (7) for 429 gold pieces
  1587 | D        | Bought a scroll of identify for 22 gold pieces
  1587 | D        | Bought a scroll of enchant weapon for 82 gold pieces
  1587 | D        | Bought a scroll of identify for 22 gold pieces
  1587 | D        | Bought a scroll of identify for 22 gold pieces
  1587 | D        | Bought a scroll of remove curse for 33 gold pieces
  1587 | D        | Bought a scroll of remove curse for 33 gold pieces
  1588 | D        | Bought a scroll of magic mapping for 38 gold pieces
  1588 | D        | Bought a scroll of identify for 22 gold pieces
  1592 | D        | Bought a wand of acid (9) for 338 gold pieces
  1592 | D        | Bought a wand of acid (6) for 260 gold pieces
  1594 | D        | Bought a scroll of immolation for 59 gold pieces
  1654 | D        | Noticed Maurice
  1668 | D        | Killed Maurice
  1821 | D        | Identified Sif Muna's Papyrus of Creative Poisoning (Sif
                  | Muna gifted it to you in the Dungeon)
  1821 | D        | Received a gift from Sif Muna
  1821 | D        | Reached skill level 1 in Earth Magic
  1879 | D        | Noticed an ettin
  1894 | D        | Killed an ettin
  1985 | D        | Noticed an ogre mage
  1990 | D        | Noticed a rakshasa
  1991 | D        | Noticed an ice dragon
  2001 | D        | Killed an ogre mage
  2004 | D        | Noticed a glowing orange brain
  2005 | D        | Killed a rakshasa
  2005 | D        | Identified Sif Muna's Catalogue of Unholy Secrets and
                  | Conjuration (Sif Muna gifted it to you in the Dungeon)
  2005 | D        | Received a gift from Sif Muna
  2005 | D        | Reached XP level 12. HP: 104/104 MP: 21/30
  2047 | D        | Killed an ice dragon
  2084 | D        | Learned a level 5 spell: Irradiate
  2159 | D        | Noticed Joseph
  2174 | D        | Killed Joseph
  2217 | D        | Noticed a four-headed hydra
  2219 | D        | Reached skill level 10 in Dodging
  2219 | D        | Reached skill level 15 in Spellcasting
  2224 | D        | Noticed a thorn hunter
  2271 | D        | Killed a four-headed hydra
  2271 | D        | Identified Sif Muna's Incunabulum of the Virous Volcanoes
                  | (Sif Muna gifted it to you in the Dungeon)
  2271 | D        | Received a gift from Sif Muna
  2271 | D        | Reached skill level 1 in Short Blades
  2271 | D        | Reached skill level 5 in Transmutations
  2358 | D        | Noticed an alligator
  2362 | D        | Killed a thorn hunter
  2362 | D        | Reached skill level 10 in Fighting
  2366 | D        | Killed an alligator
  2366 | D        | Reached skill level 10 in Conjurations
  2435 | D        | Noticed a naga warrior
  2435 | D        | Noticed a naga warrior
  2447 | D        | Killed a naga warrior
  2447 | D        | Reached skill level 5 in Fire Magic
  2447 | D        | Reached skill level 5 in Earth Magic
  2468 | D        | Killed a naga warrior
  2480 | D        | Identified Sif Muna's Handbook of the Destructive Entourage
                  | (Sif Muna gifted it to you in the Dungeon)
  2480 | D        | Received a gift from Sif Muna
  2678 | D        | Noticed an anaconda
  2701 | D        | Killed an anaconda
  2936 | D        | Identified Sif Muna's Compendium of Flying Transmigration
                  | (Sif Muna gifted it to you in the Dungeon)
  2936 | D        | Received a gift from Sif Muna
  2941 | D        | Reached skill level 5 in Shields
  2942 | D        | Reached XP level 13. HP: 109/113 MP: 1/32
  3003 | D        | Noticed an entropy weaver
  3005 | D        | Received a gift from Sif Muna
  3006 | D        | Killed an entropy weaver
  3006 | D        | Noticed an entropy weaver
  3032 | D        | Reached skill level 10 in Shields
  3036 | D        | Killed an entropy weaver
  3036 | D        | Identified Sif Muna's Grimoire of Destructive Changing (Sif
                  | Muna gifted it to you in the Dungeon)
  3036 | D        | Received a gift from Sif Muna
  3208 | D        | Noticed a stone giant
  3213 | D        | Killed a stone giant
  3224 | D        | Received a gift from Sif Muna
  3249 | D        | Noticed a vampire knight
  3603 | D        | Paralysed by a vampire knight for 2 turns
  3606 | D        | Killed a vampire knight
  3606 | D        | Reached skill level 15 in Shields
  3655 | D        | Noticed a purple very ugly thing
  3655 | D        | Noticed a lich
  3683 | D        | Killed a purple very ugly thing
  3690 | D        | Noticed an ettin
  3701 | D        | Killed a lich
  3701 | D        | Identified Sif Muna's Guide on the Birds (Sif Muna gifted
                  | it to you in the Dungeon)
  3701 | D        | Received a gift from Sif Muna
  3705 | D        | Killed an ettin
  3737 | D        | Noticed a stone giant
  3754 | D        | Killed a stone giant
  3798 | D        | Noticed a red very ugly thing
  3811 | D        | Killed a brown very ugly thing
  4051 | D        | Noticed a sphinx
  4055 | D        | Killed a sphinx
  4055 | D        | Reached XP level 14. HP: 107/121 MP: 19/33
  4063 | D        | Identified Ohorycraexo's Almanac of Darkness and Creation
                  | (Sif Muna gifted it to you in the Dungeon)
  4063 | D        | Received a gift from Sif Muna
  4112 | D        | Reached skill level 10 in Transmutations
  4161 | D        | Identified Sif Muna's Grimoire of Calling (Sif Muna gifted
                  | it to you in the Dungeon)
  4161 | D        | Received a gift from Sif Muna
  4386 | D        | Noticed a vault warden
  4387 | D        | Noticed a storm dragon
  4459 | D        | Learned a level 6 spell: Statue Form
  4473 | D        | Killed a vault warden
  4473 | D        | Reached skill level 10 in Necromancy
  4475 | D        | Identified Sif Muna's Tome of the Supportive Snowflakes
                  | (Sif Muna gifted it to you in the Dungeon)
  4475 | D        | Received a gift from Sif Muna
  4482 | D        | Killed a storm dragon
  4572 | D        | Learned a level 6 spell: Freezing Cloud
  4592 | D        | Noticed a tengu reaver
  4601 | D        | Killed a tengu reaver
  4602 | D        | Noticed Sojobo
  4623 | D        | Killed Sojobo
  4623 | D        | Reached skill level 10 in Earth Magic
  4661 | D        | Noticed a tengu reaver
  4678 | D        | Killed a tengu reaver
  4733 | D        | Noticed Donald
  4824 | D        | Killed Donald
  4892 | D        | Found the +7 great mace "Undeadhunter" {disrupt, rN+}
  4909 | D        | Got the +1 great sword of Suitusch {vorpal, rElec rPois}
  4916 | D        | Got the +0 pair of gloves of Spite {Harm rPois Dex+2}
  5051 | D        | Noticed a nagaraja
  5052 | D        | Noticed a nagaraja
  5053 | D        | Identified Napuy's Grimoire of the Harmful Birds (Sif Muna
                  | gifted it to you in the Dungeon)
  5053 | D        | Received a gift from Sif Muna
  5054 | D        | Killed a nagaraja
  5063 | D        | Killed a nagaraja
  5066 | D        | Noticed a nagaraja
  5078 | D        | Killed a nagaraja
  5078 | D        | Identified Ilyipt's Tome of Darkness (Sif Muna gifted it to
                  | you in the Dungeon)
  5078 | D        | Received a gift from Sif Muna
  5097 | D        | Noticed a nagaraja
  5103 | D        | Got a serpentine rune of Zot
  5107 | D        | Killed a nagaraja
  5285 | D        | Noticed an emperor scorpion
  5285 | D        | Noticed an emperor scorpion
  5292 | D        | Reached XP level 15. HP: 129/129 MP: 0/37
  5293 | D        | Killed a ghost moth
  5293 | D        | Identified Sif Muna's Lost Secrets of Spellcraft (Sif Muna
                  | gifted it to you in the Dungeon)
  5293 | D        | Received a gift from Sif Muna
  5301 | D        | Killed a ghost moth
  5301 | D        | Reached skill level 10 in Invocations
  5331 | D        | Killed a ghost moth
  5353 | D        | Identified Sif Muna's Almanac of Frigorific Confrontation
                  | (Sif Muna gifted it to you in the Dungeon)
  5353 | D        | Received a gift from Sif Muna
  5403 | D        | Got a gossamer rune of Zot
  5534 | D        | Noticed Ilsuiw
  5544 | D        | Killed Ilsuiw
  5556 | D        | Identified Fait's Volume of Beguiling (Sif Muna gifted it
                  | to you in the Dungeon)
  5556 | D        | Received a gift from Sif Muna
  5624 | D        | Got a barnacled rune of Zot
  5660 | D        | Identified Sif Muna's Collected Works on Shifting Beguiling
                  | (Sif Muna gifted it to you in the Dungeon)
  5660 | D        | Received a gift from Sif Muna
  5677 | D        | Identified Sif Muna's Catalogue of Spatial Malediction (Sif
                  | Muna gifted it to you in the Dungeon)
  5677 | D        | Received a gift from Sif Muna
  5719 | D        | Got a decaying rune of Zot
  5902 | D        | Learned a level 9 spell: Absolute Zero
  5922 | D        | Reached skill level 15 in Dodging
  5934 | D        | Identified Sif Muna's Collected Works on Dislocated Arcane
                  | Weapons (Sif Muna gifted it to you in the Dungeon)
  5934 | D        | Received a gift from Sif Muna
  6001 | D        | Identified Sif Muna's Collected Works on Dusty Malediction
                  | (Sif Muna gifted it to you in the Dungeon)
  6001 | D        | Received a gift from Sif Muna
  6020 | D        | Reached XP level 16. HP: 139/139 MP: 23/41
  6044 | D        | Identified Sif Muna's Grimoire of the Voyage and Calling
                  | (Sif Muna gifted it to you in the Dungeon)
  6044 | D        | Received a gift from Sif Muna
  6044 | D        | Reached skill level 15 in Transmutations
  6117 | D        | Learned a level 5 spell: Borgnjor's Vile Clutch
  6128 | D        | Noticed a titan
  6133 | D        | Identified Sif Muna's Grimoire of Assistive Poisoning (Sif
                  | Muna gifted it to you in the Dungeon)
  6133 | D        | Received a gift from Sif Muna
  6134 | D        | Killed a titan
  6153 | D        | Noticed a shadow dragon
  6184 | D        | Killed a shadow dragon
  6216 | D        | Noticed a shadow dragon
  6230 | D        | Killed a shadow dragon
  6237 | D        | Received a gift from Sif Muna
  6414 | D        | Noticed a shadow dragon
  6414 | D        | Noticed an ancient lich
  6414 | D        | Noticed a quicksilver dragon
  6414 | D        | Noticed a shadow dragon
  6416 | D        | Killed a shadow dragon
  6417 | D        | Noticed a shadow dragon
  6417 | D        | Killed an ancient lich
  6417 | D        | Reached skill level 27 in Ice Magic
  6418 | D        | Identified Memmete's Compendium of the Frostbite and Unholy
                  | Rites (Sif Muna gifted it to you in the Dungeon)
  6418 | D        | Received a gift from Sif Muna
  6433 | D        | Killed a shadow dragon
  6434 | D        | Killed a shadow dragon
  6437 | D        | Killed a quicksilver dragon
  6516 | D        | Identified the +9 war axe "Fogga Ytt" {vamp, rF+ Int+3}
                  | (You found it in the Dungeon)
  6520 | D        | Identified the Collected Works on Shape Shifting and
                  | Companions
  6523 | D        | Got a silver rune of Zot
  6527 | D        | Got a scorched lead ring
  6528 | D        | Identified the cursed ring of Syegam {rElec EV-4 Str+4
                  | SInv} (You found it in the Dungeon)
  6543 | D        | Noticed Snorg
  6546 | D        | Killed Snorg
  6546 | D        | Received a gift from Sif Muna
  6548 | D        | Noticed Mennas
  6569 | D        | Killed Mennas
  6639 | D        | Noticed Xtahua
  6641 | D        | Paralysed by Xtahua for 3 turns
  6644 | D        | Killed Xtahua
  6644 | D        | Reached XP level 17. HP: 125/150 MP: 33/43
  6676 | D        | Got the ring of Kugus {rN+ MR+ Str+4 Dex+8 Slay+3}
  6685 | D        | Got the ring "Jettutsu" {rPois rN+ MR+ SInv}
  6689 | D        | Got the ring "Janapt" {Fire +Fly rN+}
  6799 | D        | Noticed Jory
  6802 | D        | Killed Jory
  6852 | D        | Identified Sif Muna's Almanac of the Helpful Escort (Sif
                  | Muna gifted it to you in the Dungeon)
  6852 | D        | Received a gift from Sif Muna
  6894 | D        | Noticed a bone dragon
  6894 | D        | Noticed a golden dragon
  6895 | D        | Killed a bone dragon
  6895 | D        | Reached skill level 5 in Maces & Flails
  6902 | D        | Received a gift from Sif Muna
  6907 | D        | Killed a golden dragon
  6911 | D        | Received a gift from Sif Muna
  6911 | D        | Reached skill level 15 in Fighting
  6993 | D        | Received a gift from Sif Muna
  7032 | D        | Learned a level 2 spell: Blink
  7070 | D        | Noticed a tentacled monstrosity
  7073 | D        | Reached skill level 1 in Translocations
  7076 | D        | Noticed a Killer Klown
  7076 | D        | Killed a tentacled monstrosity
  7085 | D        | Killed a Killer Klown
  7085 | D        | Received a gift from Sif Muna
  7156 | D        | Noticed a Killer Klown
  7156 | D        | Noticed a tentacled monstrosity
  7156 | D        | Noticed a tentacled monstrosity
  7158 | D        | Killed a Killer Klown
  7159 | D        | Killed a tentacled monstrosity
  7159 | D        | Reached skill level 10 in Maces & Flails
  7160 | D        | Killed a tentacled monstrosity
  7166 | D        | Reached XP level 18. HP: 163/163 MP: 24/47
  7167 | D        | Noticed an electric golem
  7168 | D        | Received a gift from Sif Muna
  7173 | D        | Killed an electric golem
  7173 | D        | Reached skill level 10 in Fire Magic
  7226 | D        | Noticed a tentacled monstrosity
  7226 | D        | Noticed a tentacled monstrosity
  7228 | D        | Killed a tentacled monstrosity
  7230 | D        | Noticed a tentacled monstrosity
  7231 | D        | Killed a tentacled monstrosity
  7237 | D        | Received a gift from Sif Muna
  7240 | D        | Killed a tentacled monstrosity
  7245 | D        | Reached skill level 27 in Spellcasting
  7387 | D        | Noticed an Orb Guardian
  7387 | D        | Noticed an Orb Guardian
  7387 | D        | Noticed an Orb Guardian
  7387 | D        | Noticed an Orb Guardian
  7387 | D        | Noticed an Orb Guardian
  7387 | D        | Noticed an Orb Guardian
  7389 | D        | Noticed an Orb Guardian
  7390 | D        | Killed an Orb Guardian
  7391 | D        | Killed an Orb Guardian
  7391 | D        | Killed an Orb Guardian
  7391 | D        | Received a gift from Sif Muna
  7391 | D        | Reached skill level 15 in Conjurations
  7391 | D        | Killed an Orb Guardian
  7392 | D        | Killed an Orb Guardian
  7394 | D        | Noticed an Orb Guardian
  7395 | D        | Killed an Orb Guardian
  7397 | D        | Killed an Orb Guardian
  7401 | D        | Killed an Orb Guardian
  7417 | D        | Noticed an Orb Guardian
  7418 | D        | Noticed an Orb Guardian
  7424 | D        | Killed an Orb Guardian
  7435 | D        | Killed an Orb Guardian
  7498 | D        | Noticed an Orb Guardian
  7498 | D        | Noticed an Orb Guardian
  7500 | D        | Received a gift from Sif Muna
  7500 | D        | Noticed an Orb Guardian
  7501 | D        | Killed an Orb Guardian
  7502 | D        | Killed an Orb Guardian
  7504 | D        | Noticed an Orb Guardian
  7510 | D        | Killed an Orb Guardian
  7510 | D        | Reached skill level 15 in Fire Magic
  7511 | D        | Killed an Orb Guardian
  7586 | D        | Noticed an ancient lich
  7587 | D        | Killed an ancient lich
  7594 | D        | Noticed an orb of fire
  7594 | D        | Gained mutation: Your body sometimes deteriorates upon
                  | taking damage. [an orb of fire]
  7595 | D        | Killed an orb of fire
  7595 | D        | Noticed an electric golem
  7596 | D        | Killed an electric golem
  7656 | D        | Noticed an orb of fire
  7656 | D        | Noticed a golden dragon
  7656 | D        | Noticed a curse toe
  7657 | D        | Noticed an ancient lich
  7660 | D        | Killed an orb of fire
  7660 | D        | Reached XP level 19. HP: 170/170 MP: 22/50
  7672 | D        | Killed an ancient lich
  7674 | D        | Killed a golden dragon
  7681 | D        | Noticed an orb of fire
  7683 | D        | Killed an orb of fire
  7699 | D        | Noticed an orb of fire
  7701 | D        | Killed a curse toe
  7702 | D        | Killed an orb of fire
  7859 | D        | Learned a level 9 spell: Fire Storm
  8023 | D        | Noticed an ancient lich
  8023 | D        | Noticed an ancient lich
  8023 | D        | Noticed an ancient lich
  8024 | D        | Killed an ancient lich
  8025 | D        | Killed an ancient lich
  8025 | D        | Reached XP level 20. HP: 187/187 MP: 22/51
  8027 | D        | Noticed an ancient lich
  8030 | D        | Killed an ancient lich
  8036 | D        | Killed an ancient lich
  8145 | D        | Reached skill level 27 in Conjurations
  8202 | D        | Got an elven rune of Zot
  8220 | D        | Learned a level 6 spell: Ozocubu's Refrigeration
  8226 | D        | Noticed the Royal Jelly
  8240 | D        | Killed the Royal Jelly
  8314 | D        | Reached skill level 27 in Fire Magic
  8347 | D        | Got a slimy rune of Zot
  8445 | D        | Learned a level 8 spell: Necromutation
  8456 | D        | Learned a level 8 spell: Controlled Blink
  8459 | D        | Reached skill level 5 in Translocations
  8460 | D        | Reached skill level 10 in Translocations
  8464 | D        | Reached XP level 21. HP: 201/201 MP: 17/52
  8470 | D        | Reached skill level 15 in Translocations
  8640 | D        | Noticed a greater mummy
  8640 | D        | Noticed a greater mummy
  8640 | D        | Noticed a greater mummy
  8644 | D        | Killed a greater mummy
  8644 | D        | Killed a greater mummy
  8646 | D        | Noticed a greater mummy
  8647 | D        | Killed a greater mummy
  8656 | D        | Noticed a greater mummy
  8662 | D        | Killed a greater mummy
  8663 | D        | Killed a greater mummy
  8699 | D        | Got a golden rune of Zot
  8728 | D        | Got an abyssal rune of Zot
  8852 | D        | Noticed Geryon
  8853 | D        | Killed Geryon
  8880 | D        | Identified the +6 sword of Cerebov {flame}
  8880 | D        | Noticed Cerebov
  8880 | D        | Identified the +4 staff of Dispater
  8880 | D        | Noticed Dispater
  8881 | D        | Killed Cerebov
  8881 | D        | Reached skill level 27 in Dodging
  8881 | D        | Reached skill level 27 in Shields
  8881 | D        | Noticed Antaeus
  8882 | D        | Killed Dispater
  8883 | D        | Identified the +7 sceptre of Asmodeus
  8883 | D        | Noticed Asmodeus
  8884 | D        | Killed Antaeus
  8884 | D        | Reached skill level 27 in Fighting
  8897 | D        | Noticed Mnoleg
  8898 | D        | Killed Asmodeus
  8898 | D        | Reached skill level 10 in Evocations
  8898 | D        | Reached XP level 22. HP: 233/233 MP: 41/53
  8899 | D        | Killed Mnoleg
  8914 | D        | Got a fiery rune of Zot
  8923 | D        | Got an iron rune of Zot
  8925 | D        | Noticed Gloorx Vloq
  8930 | D        | Got an icy rune of Zot
  8937 | D        | Killed Gloorx Vloq
  8938 | D        | Noticed Ereshkigal
  8939 | D        | Got an obsidian rune of Zot
  8940 | D        | Noticed Lom Lobon
  8941 | D        | Killed Ereshkigal
  8941 | D        | Reached skill level 27 in Transmutations
  8943 | D        | Killed Lom Lobon
  8963 | D        | Got a glowing rune of Zot
  8968 | D        | Got a dark rune of Zot
  8972 | D        | Got a bone rune of Zot
  8976 | D        | Got a magical rune of Zot
  9395 | D        | Learned a level 8 spell: Disjunction
  9395 | D        | Got the Orb of Zot
  9850 | D        | Noticed Ichetiwn the pandemonium lord
  9852 | D        | Killed Ichetiwn the pandemonium lord
 10282 | D        | Noticed a golden dragon
 10282 | D        | Noticed a golden dragon
 10282 | D        | Reached skill level 15 in Evocations
 10550 | D        | Noticed Osew the pandemonium lord
 10551 | D        | Killed Osew the pandemonium lord
 10619 | D        | Noticed a seraph
 10621 | D        | Killed a seraph
 10695 | D        | Noticed a seraph
 10698 | D        | Killed a seraph
 10825 | D        | Reached skill level 5 in Stealth
 10825 | D        | Reached XP level 23. HP: 148/240 MP: 18/54
 10844 | D        | Bought a potion of ambrosia for 96 gold pieces
 10918 | D        | Noticed Dyekepp the pandemonium lord
 10923 | D        | Killed Dyekepp the pandemonium lord
 11125 | D        | Noticed Rufoskint the pandemonium lord
 11128 | D        | Killed Rufoskint the pandemonium lord
 11128 | D        | Reached skill level 15 in Necromancy
 11227 | D        | Noticed Ekaczec the pandemonium lord
 11229 | D        | Killed Ekaczec the pandemonium lord
 11229 | D        | Reached skill level 10 in Stealth
 11254 | D        | Escaped with the Orb!

Illustrated notes

Levels and vault maps discovered:
D:        linesprint [early_d, line_temple, items_1, d_10, items_2, lair_1,
          lair_end, items_3, orc_1, orc_end, items_4, d_15, swamp_1, shoals_1,
          snake_1, spider_1, d_20, vaults_1, items_5, swamp_end, shoals_end,
          snake_end, spider_end, vaults_end, d_27, items_6, zot_1, zot_end,
          crypt_end, forest_end, elf_end, slime_end, tomb_end, abyss_end,
          pan_hell_end]

Skill      XL: |  1  2  3  4  5  6  7  8  9 10 11 12 13 14 15 16 17 18 19 20 21 22 23 |
---------------+----------------------------------------------------------------------+-----
Fighting       | 1 2 3 5 7 9 10 11 12 13 15 18 20 27 | 27.0
Dodging        | 2 3 4 5 6 7 8 9 11 12 15 16 18 20 21 24 27 | 27.0
Ice Magic      | 5 6 7 8 9 11 13 14 15 16 17 20 22 27 | 27.0
Spellcasting   | 3 4 5 6 7 8 10 11 13 14 15 18 21 22 25 27 | 27.0
Evocations     | 1 2 3 4 5 6 7 8 10 24 26 | 26.7
Conjurations   | 2 4 5 6 7 9 10 13 21 25 27 | 27.0
Summonings     | 2 4 5 6 |  6.0
Invocations    | 2 4 5 7 9 10 12 | 12.0
Stealth        | 3 5 10 | 10.6
Charms         | 1 2 |  2.9
Necromancy     | 1 4 6 8 9 12 13 16 | 16.2
Hexes          | 3 |  3.0
Transmutations | 4 8 9 12 14 20 23 27 | 27.0
Air Magic      | 4 |  4.0
Fire Magic     | 3 5 9 18 23 27 | 27.0
Earth Magic    | 2 6 8 10 17 | 17.6
Short Blades   | 4 |  4.0
Shields        | 5 15 18 20 21 24 27 | 27.0
Maces & Flails | 10 13 | 13.7
Translocations | 3 12 16 20 | 20.0

Action                   |  1- 3 |  4- 6 |  7- 9 | 10-12 | 13-15 | 16-18 | 19-21 | 22-24 || total
-------------------------+-------+-------+-------+-------+-------+-------+-------+-------++-------
Melee: Unarmed           |    17 |       |       |       |       |       |       |       ||    17
       Club              |    22 |       |       |       |       |       |       |       ||    22
       Tailslap          |     3 |       |     1 |     3 |     9 |     5 |     5 |    23 ||    49
       Rapier            |     7 |     1 |       |    32 |    64 |    23 |    18 |    96 ||   241
       Staff             |       |       |     2 |     2 |       |       |     2 |       ||     6
       War axe           |       |       |       |       |       |     2 |       |       ||     2
       Sacred scourge    |       |       |       |       |       |       |       |     4 ||     4
Throw: Boomerang         |       |       |       |     3 |    14 |    10 |       |       ||    27
       Javelin           |       |       |       |       |     5 |    14 |    10 |       ||    29
 Cast: Freeze            |     6 |     2 |     4 |     6 |     1 |       |       |       ||    19
       Frozen Ramparts   |     1 |     3 |     8 |    51 |    55 |    30 |     8 |     1 ||   157
       Hailstorm         |       |       |    13 |    58 |    72 |    15 |     1 |       ||   159
       Summon Ice Beast  |       |       |     8 |    38 |    49 |    24 |     4 |       ||   123
       Ozocubu's Armour  |       |       |     2 |     9 |     3 |       |       |       ||    14
       Dazzling Flash    |       |       |       |     4 |       |       |       |       ||     4
       Mephitic Cloud    |       |       |       |     3 |    40 |    13 |       |       ||    56
       Petrify           |       |       |       |     6 |     2 |       |       |       ||     8
       Ice Form          |       |       |       |     3 |       |       |       |       ||     3
       Irradiate         |       |       |       |     1 |     6 |     1 |     3 |       ||    11
       Conjure Flame     |       |       |       |     1 |       |       |       |     3 ||     4
       Spellforged Servi |       |       |       |     1 |       |       |       |       ||     1
       Fire Storm        |       |       |       |       |     3 |       |    35 |    22 ||    60
       Summon Greater De |       |       |       |       |     1 |       |       |       ||     1
       Freezing Cloud    |       |       |       |       |    10 |    13 |     8 |       ||    31
       Statue Form       |       |       |       |       |     9 |    13 |     6 |     5 ||    33
       Borgnjor's Vile C |       |       |       |       |       |    36 |    22 |    12 ||    70
       Absolute Zero     |       |       |       |       |       |    38 |    27 |    50 ||   115
       Blink             |       |       |       |       |       |     1 |       |    85 ||    86
       Ozocubu's Refrige |       |       |       |       |       |       |    12 |       ||    12
       Necromutation     |       |       |       |       |       |       |     4 |    10 ||    14
       Controlled Blink  |       |       |       |       |       |       |       |     4 ||     4
Invok: Channel Magic     |       |       |     1 |     4 |    15 |     9 |    14 |     7 ||    50
       Divine Exegesis   |       |       |       |     1 |     4 |       |       |       ||     5
       Forget Spell      |       |       |       |       |     1 |       |     4 |     1 ||     6
 Abil: Breathe Frost     |       |       |       |     2 |       |       |       |       ||     2
       End Transformatio |       |       |       |     3 |       |       |     1 |     3 ||     7
Evoke: Staff of energy   |       |     5 |    37 |   153 |   144 |   172 |   115 |   106 ||   732
       Wand              |       |       |       |     9 |    15 |       |       |       ||    24
  Use: Potion            |     4 |       |       |     3 |     1 |     1 |     1 |     3 ||    13
       Scroll            |       |       |     2 |     9 |     2 |     9 |       |     4 ||    26
 Stab: Sleeping          |     2 |       |       |     2 |       |       |       |       ||     4
       Petrified         |       |       |       |    14 |     5 |       |       |       ||    19
       Confused          |       |       |       |       |     2 |       |       |       ||     2
  Eat: Chunk             |       |       |     2 |    16 |    20 |    17 |     3 |       ||    58
       Ration            |       |       |       |       |     1 |       |     3 |     3 ||     7
Armor: Skin              |    11 |     2 |     6 |    15 |    73 |    20 |    11 |     1 ||   139
Dodge: Dodged            |    34 |     3 |     8 |    41 |    95 |    39 |    23 |     3 ||   246
Block: Kite shield       |       |       |       |       |    75 |    35 |    35 |     1 ||   146
       Tower shield      |       |       |       |       |       |       |       |    13 ||    13
